 Dungeon Crawl Stone Soup version 0.27-a0-686-gaed091b46b (webtiles) character file.

Game seed: 4505458090625291268

207 jasper the Sneak (level 5, -10/45 (47) HPs)
             Began as a Demonspawn Delver on Mar 21, 2021.
             Was a Follower of Makhleb.
             Mangled by a wight
             ... wielding a +2 falchion of distortion
              (22 damage)
             ... on level 6 of the Dungeon.
             The game lasted 00:07:15 (4402 turns).

jasper the Sneak (Demonspawn Delver)                Turns: 4402, Time: 00:07:16

HP:   -10/45 (47)   AC: 12    Str: 13    XL:     5   Next: 54%
MP:   5/5           EV:  6    Int: 16    God:    Makhleb [*.....]
Gold: 146           SH:  0    Dex: 14    Spells: 2/4 levels left

rFire    . . .     SeeInvis +   v - +12 quarterstaff of Royalism {flame, +Inv rC+ Int+4 SInv}
rCold    + . .     Faith    .   (shield currently unavailable)
rNeg     . . .     Spirit   .   p - +0 chain mail
rPois    .         Reflect  .   (no helmet)
rElec    .         Harm     .   (no cloak)
rCorr    .         Rampage  .   (no gloves)
Will     .....                  h - +2 pair of boots
Stlth    ..........             (no amulet)
HPRegen  0.15/turn              t - ring of see invisible
MPRegen  0.09/turn              (no ring)

@: lightly drained
A: rugged brown scales 1, powered by pain 1, talons 1, robust 1, wild magic 1
a: Renounce Religion, Evoke Invisibility


You were on level 6 of the Dungeon.
You worshipped Makhleb.
Makhleb was aware of your devotion.
You visited 2 branches of the dungeon, and saw 8 of its levels.

You collected 146 gold pieces.

Inventory:

Hand Weapons
 a - a +0 hand axe
 m - a +0 war axe
 v - the +12 quarterstaff of Royalism (weapon) {flame, +Inv rC+ Int+4 SInv}
   (You found it on level 4 of the Dungeon)

   It has been specially enchanted to burn those struck by it, causing extra
   injury to most foes and up to half again as much damage against particularly
   susceptible opponents.
   It affects your intelligence (+4).
   It protects you from cold.
   It lets you see invisible.
   It lets you turn invisible.
Missiles
 k - 18 bolts
 n - 2 javelins
 o - 70 stones (quivered)
Armour
 b - a +0 leather armour
 h - a +2 pair of boots (worn)
 i - the +0 robe "Vydoocex" {rElec rC- Dex+4}
   (You found it on level 6 of the Dungeon)

   It affects your dexterity (+4).
   It makes you vulnerable to cold.
   It insulates you from electricity.
 p - a +0 chain mail (worn)
Jewellery
 l - a ring of fire
 r - an amulet of guardian spirit
 s - an amulet of faith
 t - a ring of see invisible (right hand)
Wands
 g - a wand of digging (1)
 q - a wand of polymorph (2)
Scrolls
 c - a scroll of fog
 d - a scroll of magic mapping
 f - a scroll of teleportation
 j - a scroll of immolation
Potions
 u - a potion of attraction {unknown}
 w - 2 potions of lignification


   Skills:
 + Level 3.8 Fighting
 - Level 3.6 Axes
 * Level 0.0 Staves
 + Level 1.9 Armour
 + Level 2.8 Dodging
 - Level 4.5 Stealth


You had 2 spell levels left.
You knew the following spells:

 Your Spells              Type           Power      Damage    Failure   Level
a - Animate Skeleton      Necr           0%         N/A       100%        1
b - Apportation           Tloc           0%         N/A       100%        1

Your spell library contained the following spells:

 Spells                   Type           Power      Damage    Failure   Level
 Corona                   Hex            0%         N/A       100%        1
 Magic Dart               Conj           0%         1d3       100%        1
 Summon Small Mammal      Summ           0%         N/A       100%        1
 Blink                    Tloc           N/A        N/A       100%        2
 Call Imp                 Summ           0%         N/A       100%        2
 Slow                     Hex            0%         N/A       100%        2
 Conjure Flame            Conj/Fire      0%         6-21      100%        3
 Mephitic Cloud           Conj/Pois/Air  0%         N/A       100%        3


Dungeon Overview and Level Annotations

Branches:
Dungeon (7/15)             Temple (1/1) D:6

Altars:
Dithmenos
Elyvilon
Gozag
Hepliaklqana
Kikubaaqudgha
Makhleb
Qazlal
Ru
Trog
Wu Jian
Yredelemnul

Annotations:
D:6 exclusion: worker ant


Innate Abilities, Weirdness & Mutations

You are partially covered in rugged brown scales. (AC +1, +3% HP)
You sometimes gain a little power by taking damage.
You have sharp toenails.
You are robust. (+10% HP)
Your spells are a little harder to cast, but a little more powerful.


Message History

You take 5 damage, and have 42/47 hp.
You thump the hound skeleton! You burn the hound skeleton.
The hound skeleton is almost destroyed.
The hound skeleton bites you but does no damage.
The orc hits you but does no damage. The orc hits you with a +0 club.
The orc completely misses you. The orc hits you but does no damage.
The hound skeleton bites you but does no damage.
The orc hits you with a +0 mace! The orc barely misses you.
You take 9 damage, and have 33/47 hp.
You closely miss the hound skeleton.
The hound skeleton is almost destroyed.
The hound skeleton bites you but does no damage.
The orc hits you but does no damage. x3; The orc hits you with a +0 club.
The wight hits you with a +1 hand axe.
The hound skeleton bites you but does no damage.
You take 5 damage, and have 28/47 hp.
As you read the scroll of fear, it crumbles to dust.
You assume a fearsome visage.
The orc looks frightened! x4
The wight is unaffected. x4; The hound skeleton is unaffected.
The wight hits you but does no damage. x2; The hound skeleton bites you.
The wight hits you but does no damage. The hound skeleton bites you.
The wight hits you with a +1 hand axe.
You feel drained.
You take 4 damage, and have 24/46 hp.
The hound skeleton barely misses you.
There is an escape hatch in the ceiling here.
The wight hits you with a +2 falchion of distortion.
Space bends around you. A mysterious force pulls you upwards.
The hatch slams shut behind you.
Level annotation: exclusion: worker ant The leopard gecko hisses angrily.
A worker ant comes into view.
Found 21 stones.
You take 9 damage, and have 15/46 hp.
Found an escape hatch in the floor.
The wight hits you with a +2 falchion of distortion.
* * * LOW HITPOINT WARNING * * *
You feel drained.
* * * LOW HITPOINT WARNING * * *
Space warps horribly around you!!
You die...

### #.# #.# ..#
#.# #.# #@# #z#
#######l### #
..........# ..
>#....#...#.###
#.####...B....
# #....####
#....#
#(......B


You could see a wight and a leopard gecko.

Vanquished Creatures
  A sky beast (D:4)
  3 adders
  A gnoll (D:1)
  An ooze (D:1)
  3 worms
  2 dart slugs
  4 leopard geckos
  6 orcs
  5 giant cockroaches
  A goblin (D:2)
  6 hobgoblins
  4 jackals (D:2)
  A ball python (D:4)
  3 bats
  6 frilled lizards
  4 kobolds
  4 rats
55 creatures vanquished.

Notes
Turn   | Place    | Note
-------+----------+-------------------------------------------
     0 | D:5      | jasper the Demonspawn Delver began the quest for the Orb.
     0 | D:5      | Reached XP level 1. HP: 18/18 MP: 1/1
   270 | D:5      | Noticed an orc priest
   277 | D:5      | Noticed an orc wizard
   280 | D:6      | Found a staircase to the Ecumenical Temple.
   288 | D:6      | Identified the +0 robe "Vydoocex" {rElec rC- Dex+4}
   294 | Temple   | Entered the Ecumenical Temple
   463 | Temple   | Became a worshipper of Makhleb the Destroyer
   521 | D:6      | Noticed a worker ant
   717 | D:5      | Noticed an ice beast
   763 | D:4      | Gained mutation: You are partially covered in rugged brown
                  | scales. (AC +1, +3% HP) [demonic ancestry]
   763 | D:4      | Reached XP level 2. HP: 17/24 MP: 2/2
  1002 | D:2      | Gained mutation: You sometimes gain a little power by
                  | taking damage. [demonic ancestry]
  1002 | D:2      | Reached XP level 3. HP: 29/29 MP: 3/3
  1324 | D:2      | Reached skill level 1 in Armour
  1625 | D:1      | Reached * piety under Makhleb
  1981 | D:1      | Learned a level 1 spell: Animate Skeleton
  1983 | D:1      | Learned a level 1 spell: Apportation
  2188 | D:1      | Reached XP level 4. HP: 29/36 MP: 4/4
  2609 | D:2      | Gained mutation: You have sharp toenails. [potion of
                  | mutation]
  2609 | D:2      | Gained mutation: Your spells are a little harder to cast,
                  | but a little more powerful. [potion of mutation]
  2609 | D:2      | Gained mutation: You are robust. (+10% HP) [potion of
                  | mutation]
  4085 | D:4      | Identified the +12 quarterstaff of Royalism {flame, +Inv
                  | rC+ Int+4 SInv}
  4163 | D:4      | Found a shadowy altar of Dithmenos.
  4347 | D:4      | Noticed a sky beast
  4361 | D:4      | Killed a sky beast
  4362 | D:4      | Reached XP level 5. HP: 47/47 MP: 5/5
  4377 | D:4      | You fall into a shaft and drop 3 floors!
  4402 | D:6      | Mangled by a wight

Illustrated notes

Levels and vault maps discovered:
D:1:      amcnicky_arrival_blooded_trapdoor, layout_basic, minivault_14
D:2:      layout_basic, overflow_temple_1_default
D:3:      layout_loops_ring, overflow_temple_1_default, lemuel_crystal_altar
D:4:      layout_basic, grunt_dithmenos_smoke, kennysheep_slug_shrine
D:5:      layout_layer_cave, nicolae_vehumet_radiance,
          overflow_temple_1_default, kennysheep_little_box, serial_shops, shop,
          supply_closet_lemuel
D:6:      layout_basic, minmay_temple_entry_mist, grunt_ministairs_1
D:7:      layout_rooms, nemelex_altar_shiori, nicolae_uskayaw_en_pointe,
          enter_bailey_2, bh_walls_and_bars, uniq_maggie
Temple:   nicolae_temple_figure_zero

Skill      XL: |  1  2  3  4 |
---------------+-------------+-----
Axes           | 2 3 |  3.6
Dodging        | 2 |  2.8
Armour         | 1 |  1.9
Fighting       | |  3.8
Stealth        | |  4.5

Action                   |  1- 3 |  4- 6 || total
-------------------------+-------+-------++-------
Melee: Hand axe          |    11 |       ||    11
       War axe           |    93 |    41 ||   134
       Quarterstaff      |       |    16 ||    16
       Kick              |       |     6 ||     6
Throw: Stone             |    52 |    25 ||    77
       Javelin           |     2 |       ||     2
Evoke: Wand              |     5 |       ||     5
  Use: Potion            |     2 |     2 ||     4
       Scroll            |       |     6 ||     6
 Stab: Sleeping          |     2 |       ||     2
Armor: Leather armour    |     1 |       ||     1
       Chain mail        |    71 |    44 ||   115
Dodge: Dodged            |    39 |    22 ||    61

Table legend: (Time is in decaauts)
 A = Elapsed time spent in this place.
 B = Non-inter-level travel time spent in this place.
 C = Inter-level travel time spent in this place.
 D = Time resting spent in this place.
 E = Time spent auto-exploring this place.
 F = Levels seen in this place.
 G = Mean time per level.
                   A        B        C        D        E       F      G
               +--------+--------+--------+--------+--------+-----+--------+
         Total |   4462 |   4128 |    334 |   1179 |   1979 |   8 |  557.8 |
       Dungeon |   4279 |   3977 |    302 |   1179 |   1832 |   7 |  611.3 |
        Temple |    182 |    150 |     32 |      0 |    147 |   1 |  182.0 |
               +--------+--------+--------+--------+--------+-----+--------+

Top non-repeatable levels by time:
     D:2: 1737 daAuts
     D:1: 1143 daAuts
     D:5: 456 daAuts
     D:4: 450 daAuts
     D:3: 376 daAuts
  Temple: 182 daAuts
     D:6: 95 daAuts
     D:7: 19 daAuts
